 Dungeon Crawl Stone Soup version 0.23.2-1-ga50397a6bc (webtiles) character file.

Game seed: 3714277644036904774

245 Norn the Conjurer (level 6, -2/41 HPs)
             Began as an Octopode Wizard on May 4, 2019.
             Slain by a worker ant (8 damage)
             ... on level 4 of the Dungeon.
             The game lasted 00:09:06 (3548 turns).

Norn the Conjurer (Octopode Wizard)                 Turns: 3548, Time: 00:09:06

Health: -2/41      AC:  1    Str:  6 (7)  XL:     6   Next: 10%
Magic:  0/10       EV: 13    Int: 21 (22) God:
Gold:   240        SH:  0    Dex:  8 (10) Spells: 5/11 levels left

rFire    . . .     SeeInvis .   (no weapon)
rCold    . . .     Gourm    .   (no shield)
rNeg     . . .     Faith    .   a - +0 hat
rPois    .         Spirit   .   (no amulet)
rElec    .         Reflect  .   (no ring)
rCorr    .         Harm     .   (no ring)
MR       .....                  (no ring)
Stlth    +++.......             (no ring)
HPRegen  0.13/turn              (no ring)
MPRegen  0.12/turn              (no ring)
                                (no ring)
                                (no ring)

@: lethally poisoned (-2 -> -7)
A: almost no armour, stealthy swim, amphibious, 8 rings, constrict 8, camouflage
1, gelatinous body 1
a: no special abilities


You were on level 4 of the Dungeon.
You were not hungry.

You visited 1 branch of the dungeon, and saw 4 of its levels.

You collected 240 gold pieces.

Inventory:

Armour
 a - a +0 hat (worn)
 h - a +2 buckler
   (You found it on level 2 of the Dungeon)
Jewellery
 d - a cursed ring of attention {unknown}
   (You found it on level 1 of the Dungeon)
Scrolls
 b - a scroll of magic mapping {unknown}
 f - a scroll of enchant weapon {unknown}
 i - a scroll of amnesia {unknown}
 j - 4 scrolls of identify {unknown}
 l - 3 scrolls of remove curse {unknown}
 m - a scroll of blinking {unknown}
 n - a scroll of teleportation {unknown}
Potions
 c - 2 potions of cancellation {unknown}
 g - a potion of might {unknown}
 k - a potion of flight {unknown}
 o - a potion of degeneration {!q}
 p - a potion of brilliance {unknown}
Comestibles
 e - 9 rations {!d}


   Skills:
 + Level 2.9 Fighting
 - Level 2.0 Dodging
 - Level 2.6 Stealth
 - Level 3.0 Spellcasting
 * Level 4.5 Conjurations
 - Level 1.0 Summonings
   Level 1.0 Translocations
 - Level 2.0 Poison Magic


You had 5 spell levels left.
You knew the following spells:

 Your Spells              Type           Power        Failure   Level  Hunger
a - Magic Dart            Conj           ###.         1%          1    None
f - Mephitic Cloud        Conj/Pois/Air  ##......     16%         3    ###....
x - Call Imp              Summ           #.......     13%         2    ##.....

Your spell library contained the following spells:

 Spells                   Type           Power        Failure   Level  Hunger
 Flame Tongue             Conj/Fire      ##...        5%          1    None
 Blink                    Tloc           N/A          13%         2    ##.....
 Conjure Flame            Conj/Fire      ##......     16%         3    ###....
 Slow                     Hex            #.......     21%         2    ##.....
 Cause Fear               Hex            #.........   78%         4    ####...
 Bolt of Fire             Conj/Fire      ##........   100%        6    #######
 Dragon Form              Tmut           #.........   100%        7    #######
 Dragon's Call            Summ           #.........   100%        9    #######


Dungeon Overview and Level Annotations

Branches:
Dungeon (4/15)
 Temple: D:4-7

Altars:
Makhleb


Innate Abilities, Weirdness & Mutations

You cannot wear most types of armour.
You are very stealthy in the water. (Stealth+)
You are amphibious.
You can wear up to eight rings at the same time.
You can use your tentacles to constrict eight enemies at once.
Your skin changes colour to match your surroundings (Stealth+).
Your rubbery body absorbs attacks. (AC +1, EV +1)


Message History

You start resting.
You see here a robe.
You open the door.
Found 8 bolts.
There is an open door here.
The Executioner gives a hideous shriek!
Found a burning altar of Makhleb.
A worker ant comes into view.
A worker ant is nearby!
Aim: a worker ant (resting)
The magic dart hits the worker ant.
The worker ant twitches its antennae in your direction.
Aim: a worker ant (lightly wounded)
The magic dart hits the worker ant but does no damage.
You can't see any susceptible monsters within range! (Use Z to cast anyway.)
You can't see any susceptible monsters within range! (Use Z to cast anyway.)
Found a stone staircase leading down.
Aim: a worker ant (lightly wounded)
The magic dart hits the worker ant.
Aim: a worker ant (moderately wounded)
The magic dart hits the worker ant but does no damage.
Aim: a worker ant (moderately wounded)
The magic dart hits the worker ant.
The worker ant barely misses you. The worker ant bites you.
Aim: a worker ant (heavily wounded)
The magic dart hits the worker ant.
The worker ant barely misses you.
Aim: a worker ant (severely wounded)
The magic dart hits the worker ant but does no damage.
The worker ant closely misses you.
Aim: a worker ant (severely wounded)
The magic dart hits the worker ant.
The worker ant bites you.
Aim: a worker ant (severely wounded)
The magic dart hits the worker ant but does no damage.
The worker ant bites you!
Aim: a worker ant (severely wounded)
The magic dart hits the worker ant but does no damage.
The worker ant bites you! The worker ant closely misses you.
Aim: a worker ant (severely wounded)
The magic dart hits the worker ant.
The worker ant bites you.
* * * LOW HITPOINT WARNING * * *
You are poisoned.
The worker ant poisons you!
You tentacle-slap the worker ant but do no damage.
Your grab misses the worker ant.
You feel sick. The worker ant bites you!
* * * LOW HITPOINT WARNING * * *
It was a potion of degeneration.
There was something very wrong with that liquid.
You feel weakened.
You feel dopey.
You feel clumsy.
You feel sick. The worker ant bites you!
You die...

####### .........
...>..# #######.#
### ......# #.# #1#
......# # #.######
^.....# # ###(# #_#
......# ## #...# #.#
......# .#
#...###.#####a......
.#
#...'.#.#...@.......
.#
#.[.#.....####......
.## ###.#....(#
..... ..# #.##...##
.... #.#####.######
... #.##....# # ..
#.(#.##.####<## .
##.#.##........
#.#.##........


You could see a worker ant.

Vanquished Creatures
  A bullfrog skeleton (D:4)
  Natasha (D:2)
  5 adders
  A worm (D:3)
  2 leopard geckos
  An orc (D:4)
  3 giant cockroaches
  8 goblins
  5 hobgoblins
  5 jackals
  2 quokkas
  7 bats
  7 frilled lizards
  4 kobolds
  9 rats
61 creatures vanquished.

Vanquished Creatures (collateral kills)
  The ghost of Freyura the Cudgeler, an amateur DsGl (D:3)
  Natasha (twice) (D:2)
  A worm (D:2)
4 creatures vanquished.

Grand Total: 65 creatures vanquished

Notes
Turn   | Place    | Note
-------+----------+-------------------------------------------
     0 | D:1      | Norn the Octopode Wizard began the quest for the Orb.
     0 | D:1      | Reached XP level 1. HP: 11/11 MP: 4/4
   247 | D:1      | Reached XP level 2. HP: 18/18 MP: 1/6
   298 | D:1      | Learned a level 2 spell: Call Imp
   367 | D:1      | Reached skill level 2 in Conjurations
   418 | D:1      | Reached skill level 1 in Fighting
   883 | D:2      | Reached XP level 3. HP: 23/23 MP: 4/7
  1423 | D:2      | Noticed Natasha
  1482 | D:2      | Killed Natasha
  1482 | D:2      | Reached skill level 3 in Conjurations
  1536 | D:2      | Learned a level 3 spell: Mephitic Cloud
  1583 | D:2      | Reached XP level 4. HP: 29/29 MP: 5/8
  1634 | D:2      | Noticed Natasha
  1724 | D:2      | Killed Natasha
  1923 | D:2      | Noticed Natasha
  1932 | D:2      | Killed Natasha
  1932 | D:2      | Reached skill level 1 in Poison Magic
  2436 | D:3      | Reached XP level 5. HP: 34/34 MP: 5/9
  2715 | D:3      | Noticed Freyura's ghost (amateur DsGl)
  2862 | D:3      | Found a runed translucent door.
  2928 | D:3      | Killed Freyura's ghost
  2928 | D:3      | Reached skill level 4 in Conjurations
  3458 | D:4      | Reached XP level 6. HP: 39/41 MP: 2/10
  3527 | D:4      | Found a burning altar of Makhleb.
  3527 | D:4      | Noticed an Executioner
  3548 | D:4      | Slain by a worker ant

Skill      XL: |  1  2  3  4  5 |
---------------+----------------+-----
Conjurations   | 2 3 4 |  4.5
Fighting       | 1 2 |  2.9
Poison Magic   | 1 2 |  2.0
Dodging        | |  2.0
Stealth        | |  2.6
Spellcasting   | |  3.0
Summonings     | |  1.0
Translocations | |  1.0

Action                   |  1- 3 |  4- 6 || total
-------------------------+-------+-------++-------
Melee: Unarmed           |     7 |     7 ||    14
       Constrict         |     2 |     2 ||     4
       Tentacles         |     1 |     1 ||     2
 Cast: Magic Dart        |    83 |    92 ||   175
       Call Imp          |     5 |     8 ||    13
  Use: Potion            |       |     1 ||     1
  Eat: Chunk             |     2 |     6 ||     8
Armor: Skin              |     1 |     1 ||     2
Dodge: Dodged            |    12 |    13 ||    25
